 Dungeon Crawl Stone Soup version 0.29.1-2-gbd0b4ee654 (webtiles) character file.

Game seed: 17642714552408393318

1833 H0rd4k the Martial Artist (level 9, -1/55 HPs)
             Began as an Octopode Transmuter on Oct 25, 2022.
             Slain by a steam dragon (9 damage)
             ... on level 6 of the Dungeon.
             The game lasted 00:08:10 (8835 turns).

H0rd4k the Martial Artist (Octopode Transmuter)     Turns: 8835, Time: 00:08:11

Health: -1/55      AC:  2    Str: 10    XL:     9   Next: 11%
Magic:  14/16      EV: 21    Int: 19    God:
Gold:   317        SH:  0    Dex: 17    Spells: 13/17 levels left

rFire   . . .      SeeInvis .     - Unarmed
rCold   . . .      Faith    .   (shield currently unavailable)
rNeg    . . .      Spirit   .   (helmet currently unavailable)
rPois   x          Reflect  .   (no amulet)
rElec   .          Harm     .   h - ring of wizardry
rCorr   .          Rampage  .   (no ring)
Will    .....                   (no ring)
Stlth   ++........              (no ring)
HPRegen 0.18/turn               (no ring)
MPRegen 0.15/turn               (no ring)
                                (no ring)
                                (no ring)

@: spider-form
A: venomous fangs, almost no armour, (amphibious), 8 rings, tiny, (camouflage
1), (gelatinous body 1), (nimble swimmer 1), (tentacles)
a: End Transformation


You were on level 6 of the Dungeon.
You were a venomous arachnid creature.
You visited 1 branch of the dungeon, and saw 6 of its levels.
You also visited: Sewer.

You collected 317 gold pieces.

Inventory:

Missiles
 j - 24 poisoned darts (quivered)
 p - 2 throwing nets
Magical Staves
 k - a staff of earth
Jewellery
 h - a ring of wizardry (left front leg)
 s - a ring of fire
Wands
 o - a wand of flame (25)
 r - a wand of paralysis (11)
 u - a wand of mindburst (16)
 y - a wand of roots (3)
Scrolls
 b - a scroll of brand weapon {unknown}
 c - 5 scrolls of identify {unknown}
 d - 5 scrolls of teleportation {unknown}
 e - 2 scrolls of fear {unknown}
 f - 2 scrolls of butterflies {unknown}
 g - a scroll of noise {unknown}
 i - 2 scrolls of enchant weapon {unknown}
 l - 2 scrolls of silence {unknown}
 n - a scroll of amnesia {unknown}
 q - 2 scrolls of blinking {unknown}
 v - 2 scrolls of poison {unknown}
 w - a scroll of enchant armour {unknown}
Potions
 a - a potion of lignification
 m - a potion of brilliance {unknown}
 t - 2 potions of attraction {unknown}
 x - 2 potions of invisibility {unknown}
 z - a potion of magic {unknown}
 A - a potion of berserk rage {unknown}


   Skills:
 + Level 2.4 Fighting
 + Level 4.2 Dodging
 - Level 0.2 Stealth
 + Level 8.1 Unarmed Combat
 * Level 4.8 Spellcasting
 * Level 4.9 Transmutations
 + Level 3.4 Poison Magic


You had 13 spell levels left.
You knew the following spells:

 Your Spells              Type           Power      Damage    Failure   Level
a - Beastly Appendage     Tmut           46%        N/A       2%          1
b - Spider Form           Tmut/Pois      20%        N/A       8%          3

Your spell library contained the following spells:

 Spells                   Type           Power      Damage    Failure   Level
 Wereblood                Tmut           23%        N/A       4%          2
 Poisonous Vapours        Pois/Air       22%        N/A       10%         2
 Ignite Poison            Fire/Tmut/Pois 15%        N/A       12%         3
 Conjure Flame            Conj/Fire      4%         6-21      28%         3
 Ice Form                 Ice/Tmut       13%        N/A       32%         4
 Corpse Rot               Necr/Pois/Air  9%         N/A       45%         4
 Sticky Flame             Conj/Fire      4%         2d3       58%         4


Dungeon Overview and Level Annotations

Branches:
Dungeon (6/15)             Temple (0/1) D:6           Sewer (visited)

Altars:
Cheibriados
Makhleb

Shops:
D:6 *(=[

Annotations:
D:3 exclusion: downstairs, Sigmund, Terence
D:5 exclusion: ice beast


Innate Abilities, Weirdness & Mutations

You are a venomous arachnid creature.
You have poisonous fangs.
You are tiny and dextrous.
Your spellcasting is less reliable in this form.
Your armour is entirely melded.
You are incapable of wielding weapons or throwing items.
You cannot wear most types of armour.
((You are amphibious.))
You can wear up to eight rings at the same time.
((Your skin changes colour to match your surroundings (Stealth+).))
((Your rubbery body absorbs attacks. (AC +1, EV +1)))
((You are camouflaged when in or above water. (Stealth+)))
((You have tentacles for arms and can constrict up to eight enemies at once.))


Message History

There is an open door here.
You open the door.
There is an open door here.
You open the door.
A steam dragon comes into view.
There is an open door here.
A steam dragon is nearby!
A steam dragon is nearby!
A steam dragon is nearby!
Casting: Beastly Appendage (safe; 1% risk of failure)
Confirm with . or Enter, or press ? or * to list all spells.
You turn into a venomous arachnid creature.
The steam dragon hisses angrily.
You hit the steam dragon but do no damage.
The steam dragon is poisoned.
The steam dragon breathes steam at you. The ball of steam hits you!
You hit the steam dragon.
The steam dragon is lightly wounded.
You are engulfed in a cloud of scalding steam.
The steam dragon bites you! The steam dragon claws you.
You barely miss the steam dragon.
The steam dragon is lightly wounded.
You are engulfed in a cloud of scalding steam.
The steam dragon bites you but does no damage.
The steam dragon claws you.
You barely miss the steam dragon.
The steam dragon is lightly wounded.
You are engulfed in a cloud of scalding steam.
* * * LOW HITPOINT WARNING * * *
You hit the steam dragon but do no damage.
The steam dragon looks as sick as possible!
The steam dragon is lightly wounded.
The steam dragon bites you!
* * * LOW HITPOINT WARNING * * *
The steam dragon completely misses you.
You barely miss the steam dragon.
The steam dragon is lightly wounded.
The steam dragon bites you!
You die...

........#...#..#
........#.>.#..#
######..#...#..#
.....#..#####...
.≈≈≈...........
≈≈≈≈≈......########+##
≈≈≈≈≈.+#.....§..§.§..#
≈≈≈≈≈..#.....§.§.....#
.≈≈≈...#...§....sD...#
.....###.....§§......#
######......##'#######
# #......#..#....# #
#......#..#....# +
#......#..#....# #
#......'..'....# #
#......#########
########


You could see a steam dragon (extremely poisoned).

Vanquished Creatures
  Pikel (D:4)
  2 ice beasts (D:6)
  A black bear (D:5)
  An ogre (D:5)
  A lemure (D:5)
  Blork the orc (D:4)
  2 scorpions
  2 necrophages
  2 howler monkeys
  4 hounds
  2 orc priests (D:6)
  2 iguanas
  5 orc wizards
  A hell rat (Sewer)
  3 gnolls (D:2)
  3 river rats (Sewer)
  7 adders
  A white imp (D:6)
  An adder skeleton (D:3)
  A dart slug (D:1)
  3 worms
  27 orcs
  5 endoplasms
  A giant cockroach (D:1)
  6 goblins
  8 hobgoblins
  5 jackals
  3 quokkas
  7 ball pythons
  A ball python skeleton (D:3)
  3 bats
  4 frilled lizards
  A giant cockroach zombie (D:3)
  5 kobolds
  A quokka zombie (D:3)
  8 rats
131 creatures vanquished.

Vanquished Creatures (others)
  2 plants (D:2)
  6 withered plants
8 creatures vanquished.

Grand Total: 139 creatures vanquished

Notes
Turn   | Place    | Note
-------+----------+-------------------------------------------
     0 | D:1      | H0rd4k the Octopode Transmuter began the quest for the Orb.
     0 | D:1      | Reached XP level 1. HP: 13/13 MP: 3/3
   132 | D:1      | Reached XP level 2. HP: 15/18 MP: 5/5
   939 | D:1      | Reached XP level 3. HP: 23/23 MP: 6/6
  1048 | D:1      | You fall into a shaft and drop 1 floor!
  1363 | D:2      | Found a faded altar of an unknown god.
  1878 | D:2      | Reached skill level 4 in Unarmed Combat
  1878 | D:2      | Reached XP level 4. HP: 28/28 MP: 7/7
  1930 | D:2      | Identified the +0 plate armour "Dionifen" {Dex+4}
  3364 | D:3      | Noticed Terence
  3500 | D:3      | Noticed Sigmund
  3607 | D:3      | Reached XP level 5. HP: 33/33 MP: 8/8
  4610 | D:4      | Learned a level 3 spell: Spider Form
  4796 | D:4      | Noticed a lemure
  4796 | D:4      | Noticed a lemure
  4823 | D:4      | Reached skill level 5 in Unarmed Combat
  4836 | D:4      | Reached skill level 1 in Poison Magic
  4836 | D:4      | Reached XP level 6. HP: 19/38 MP: 9/9
  4849 | D:4      | HP: 1/38 [hobgoblin (3)]
  5342 | D:4      | Noticed Blork the orc
  5469 | D:5      | Entered Level 5 of the Dungeon
  5726 | D:5      | Reached XP level 7. HP: 44/44 MP: 8/11
  6338 | D:5      | Reached skill level 6 in Unarmed Combat
  6675 | D:5      | Found a snail-covered altar of Cheibriados.
  6745 | D:4      | Killed Blork the orc
  6962 | D:4      | Noticed Pikel
  6973 | D:4      | Killed Pikel
  6974 | D:4      | Reached skill level 7 in Unarmed Combat
  6974 | D:4      | Reached XP level 8. HP: 8/50 MP: 10/14
  7360 | D:6      | Found Kofaofya's Antique Armour Emporium.
  7469 | D:6      | Found a glowing drain.
  7486 | Sewer    | Entered a sewer
  8041 | D:6      | Found a staircase to the Ecumenical Temple.
  8054 | D:6      | Reached XP level 9. HP: 38/55 MP: 12/15
  8266 | D:6      | Found Eteorphyi's Jewellery Emporium.
  8365 | D:6      | Reached skill level 8 in Unarmed Combat
  8612 | D:6      | Found a burning altar of Makhleb.
  8668 | D:6      | Found Bimodaq's General Store.
  8790 | D:6      | Found Jieresk's Weapon Emporium.
  8835 | D:6      | Slain by a steam dragon

Illustrated notes

Levels and vault maps discovered:
D:1:      lightli_arrival_flooded_house, layout_loops_ring,
          minmay_misc_feat_nine_boxes
D:2:      layout_loops_corners, shapermc_ecumenical_altar_flowoftime,
          minmay_split_cup_large
D:3:      layout_basic, serial_undead, serial_undead_c, serial_undead_a,
          serial_undead_d, serial_undead_e, uniq_sigmund, uniq_terence
D:4:      layout_rooms, uniq_blork_the_orc, uniq_pikel
D:5:      layout_rooms, kennysheep_mini
D:6:      layout_gridville, makhleb_blood_cavern_becter,
          minmay_temple_entry_wispy, cheibrodos_sewer_entry_sluice,
          serial_shops, nicolae_lakefront_shop, nicolae_take_the_stairs,
          nicolae_square_shop, nicolae_diamond_shop

Skill      XL: |  1  2  3  4  5  6  7  8  9 |
---------------+----------------------------+-----
Unarmed Combat | 4 5 7 8 |  8.1
Dodging        | 3 4 |  4.2
Poison Magic   | 1 2 3 |  3.4
Spellcasting   | 3 4 |  4.8
Transmutations | 4 |  4.9
Fighting       | 2 |  2.4
Stealth        | |  0.2

Action                   |  1- 3 |  4- 6 |  7- 9 || total
-------------------------+-------+-------+-------++-------
Melee: Unarmed           |    77 |   168 |   176 ||   421
       Constrict         |    18 |    42 |    14 ||    74
       Tentacles         |    15 |    37 |    10 ||    62
       Punch             |     5 |     5 |     2 ||    12
       Kick              |     2 |    26 |     8 ||    36
 Cast: Beastly Appendage |     2 |    11 |     3 ||    16
       Spider Form       |       |     1 |    15 ||    16
  Use: Potion            |     2 |     1 |       ||     3
 Stab: Sleeping          |     8 |       |     3 ||    11
Armor: Skin              |     2 |     8 |     6 ||    16
Dodge: Dodged            |    63 |    79 |    95 ||   237
